 Dungeon Crawl Stone Soup version 0.19.1 (webtiles) character file.

2522 theElss the Basher (level 9, -1/56 HPs)
             Began as a Gargoyle Berserker on Dec 2, 2016.
             Was an Elder of Trog.
             Slain by a crocodile (9 damage)
             ... on level 8 of the Dungeon.
             The game lasted 00:14:33 (6645 turns).

theElss the Basher (Gargoyle Berserker)             Turns: 6645, Time: 00:14:35

Health: -1/56      AC: 21    Str: 24    XL:     9   Next: 54%
Magic:  9/9        EV:  3    Int:  7    God:    Trog [****..]
Gold:   256        SH:  5    Dex: 10    Spells: 0 memorised, 8 levels left

rFire  + . .     SeeInvis .     h - +2 mace (venom)
rCold  + . .     Gourm    .     i - +0 plate armour {rF+}
rNeg   + . .     Faith    .     j - +0 buckler
rPois  ∞         Spirit   .     (no helmet)
rElec  +         Reflect  .     r - +1 cloak
rCorr  .         Harm     .     C - +0 pair of gloves
MR     .....                    (no boots)
Stlth  ..........               (no amulet)
                                y - ring of protection from cold
                                a - -4 ring of evasion

@: exhausted, slowed, very slow
A: negative energy resistance 1, electricity resistance, unbreathing,
petrification resistance, rot immunity, AC +5
a: Berserk, Trog's Hand, Brothers in Arms, Burn Spellbooks, Renounce Religion


You were on level 8 of the Dungeon.
You worshipped Trog.
Trog was greatly pleased with you.
You were very hungry.

You visited 1 branch of the dungeon, and saw 8 of its levels.

You collected 256 gold pieces.

Inventory:

Hand Weapons
 b - a +2 mace of holy wrath
 h - a +2 mace of venom (weapon)
Armour
 i - a +0 plate armour of fire resistance (worn)
 j - a +0 buckler (worn)
 r - a +1 cloak (worn)
 C - a +0 pair of gloves (worn)
 E - a +0 shield
Jewellery
 a - a -4 ring of evasion (left hand)
 v - an uncursed amulet of harm
 y - a ring of protection from cold (right hand)
 H - the amulet "Rigotael" {Harm *Drain rF+ Dex+4, unknown}
   (You found it on level 6 of the Dungeon)

   [amulet of harm]

   It increases damage dealt and taken.
   It affects your dexterity (+4).
   It protects you from fire.
   It causes draining when unequipped.
Wands
 o - a wand of random effects (39/48)
 u - a wand of paralysis (14/24)
 D - a wand of paralysis (7/24)
 L - a wand of disintegration (8/24)
 N - a wand of slowing (32/48)
 Q - a wand of polymorph (17/24)
Scrolls
 e - 5 scrolls of noise
 l - a scroll of enchant weapon
 m - 3 scrolls of remove curse
 n - 3 scrolls of random uselessness {unknown}
 p - a scroll of magic mapping {unknown}
 w - 2 scrolls of identify {unknown}
 x - a scroll of recharging {unknown}
 z - a scroll of teleportation {unknown}
 B - a scroll of immolation {unknown}
 F - a scroll of amnesia {unknown}
 J - 2 scrolls of blinking {unknown}
 P - a scroll of silence {unknown}
Potions
 d - 4 potions of might {unknown}
 g - a potion of haste {unknown}
 k - 4 potions of heal wounds
 q - 5 potions of curing {unknown}
 s - 2 potions of lignification {unknown}
 t - a potion of degeneration {unknown}
 G - 2 potions of cure mutation {unknown}
 M - a potion of agility {unknown}
Books
 I - a book of Misfortune

   Spells                             Type                      Level
   a - Confusing Touch                Hexes                        1
   b - Confuse                        Hexes                        3
   c - Gell's Gravitas                Hexes/Translocation          3
   d - Petrify                        Transmutation/Earth          4
   e - Metabolic Englaciation         Hexes/Ice                    5
   f - Yara's Violent Unravelling     Hexes/Transmutation          5
   Trog disapproves of the use of such an item.
Comestibles
 c - 3 bread rations
 f - 7 fruits
 A - 5 beef jerkies
 K - 2 chunks of flesh
 O - a royal jelly


   Skills:
 + Level 6.3 Fighting
 + Level 9.2 Maces & Flails
 + Level 6.1 Armour
 - Level 1.5 Dodging
 * Level 5.9 Shields


You had 8 spell levels left.
You didn't know any spells.

Dungeon Overview and Level Annotations

Branches:
Dungeon (8/15)             Temple (0/1) D:5
   Lair: D:8-11

Altars:
Ashenzari
Elyvilon
Fedhas
Kikubaaqudgha
Okawaru
Qazlal
Ru
Trog
Uskayaw
Vehumet
Xom


Innate Abilities, Weirdness & Mutations

You are resistant to torment.
Your stone body is resilient. (AC +5)
You are immune to poison.
You resist negative energy. (rN+)
You are resistant to electric shocks. (rElec)
You can survive without breathing.
You are immune to petrification.
You are immune to rotting.


Message History

The crocodile bites you but does no damage.
Unknown command.
You barely miss the yak. You block the yak's attack. The yak barely misses you.
The yak gores you. You block the crocodile's attack.
Unknown command.
You thump the yak!
The yak is lightly wounded.
The yak gores you but does no damage. The yak gores you.
The yak barely misses you. You block the crocodile's attack.
The yak gores you but does no damage. x2
The yak snorts and paws the ground.
Unknown command.
You sock the yak!
The yak is poisoned.
The yak is heavily wounded.
The yak gores you but does no damage.
The crocodile bites you but does no damage.
The yak gores you but does no damage. The yak gores you. The yak gores you!
* * * LOW HITPOINT WARNING * * *
The crocodile bites you!
You die...

.. ######.. ######
#)...... ###### #YYr.#
#.....#
#....###@##.###.....# .
#....#YYt##..##Y....#(.
#....#.rYY†.Y.Y........
#..<)...t#####r.......#
#.))..#..# ##...>....
#...............:Y.....
#....##......#....Y....
#....##.#.##.#...r.....
#######.#.# #.###.Y...


You could see 6 yaks, 2 crocodiles and 2 river rats.

Vanquished Creatures
  4 yaks (D:8)
  2 porcupines (D:8)
  An orc warrior (D:7)
  2 ice beasts
  2 ogres
  2 centaurs
  2 bullfrogs (D:6)
  A scorpion (D:5)
  3 crimson imps (D:7)
  A bullfrog skeleton (D:4)
  3 jellies
  5 orc wizards
  2 hounds
  Crazy Yiuf (D:2)
  A centaur skeleton (D:7)
  A gnoll shaman (D:8)
  An iguana (D:6)
  5 worker ants
  Robin (D:3)
  10 gnolls
  3 howler monkey skeletons
  4 river rats (D:8)
  7 adders
  An adder zombie (D:8)
  A worm (D:4)
  A dart slug (D:5)
  2 leopard geckos
  19 orcs
  2 ball pythons
  3 giant cockroaches
  12 goblins
  6 hobgoblins
  2 jackals (D:7)
  3 kobolds (D:3)
  2 quokkas
  3 bats
  5 frilled lizards
  A giant cockroach zombie (D:5)
  2 leopard gecko skeletons (D:6)
  5 rats
134 creatures vanquished.

Notes
Turn   | Place    | Note
-------+----------+-------------------------------------------
     0 | D:1      | theElss the Gargoyle Berserker began the quest for the Orb.
     0 | D:1      | Reached XP level 1. HP: 14/14 MP: 1/1
   398 | D:1      | Reached XP level 2. HP: 15/19 MP: 2/2
   926 | D:2      | Reached XP level 3. HP: 23/24 MP: 3/3
   928 | D:2      | Reached skill level 1 in Shields
  1202 | D:2      | Found an iron altar of Okawaru.
  1319 | D:2      | Found an ancient bone altar of Kikubaaqudgha.
  1574 | D:2      | Found a runed door.
  1578 | D:2      | Noticed Crazy Yiuf
  1585 | D:2      | Killed Crazy Yiuf
  1585 | D:2      | Reached XP level 4. HP: 29/29 MP: 4/4
  1842 | D:3      | Found a radiant altar of Vehumet.
  1932 | D:3      | Found a white marble altar of Elyvilon.
  2130 | D:3      | Noticed Robin
  2144 | D:3      | Reached ** piety under Trog
  2147 | D:3      | Killed Robin
  2147 | D:3      | Reached skill level 4 in Maces & Flails
  2325 | D:3      | Noticed a dagger
  2327 | D:3      | Noticed a hand axe
  2329 | D:3      | Found a hide-covered altar of Uskayaw.
  2576 | D:3      | Reached XP level 5. HP: 33/34 MP: 5/5
  2843 | D:4      | Found a sacrificial altar of Ru.
  3221 | D:4      | Reached XP level 6. HP: 34/39 MP: 6/6
  3348 | D:4      | Noticed a moth of wrath
  3351 | D:4      | Found a bloodstained altar of Trog.
  3426 | D:5      | Entered Level 5 of the Dungeon
  3432 | D:5      | Found a staircase to the Ecumenical Temple.
  3547 | D:5      | Reached skill level 5 in Maces & Flails
  3973 | D:5      | Noticed an ice beast
  3982 | D:5      | Killed an ice beast
  3982 | D:5      | Reached XP level 7. HP: 44/44 MP: 7/7
  4222 | D:6      | Reached *** piety under Trog
  4222 | D:6      | Reached skill level 5 in Fighting
  4244 | D:6      | Got a scorched jade amulet
  4305 | D:6      | Reached skill level 6 in Maces & Flails
  4653 | D:6      | Found a shattered altar of Ashenzari.
  4654 | D:6      | Found a stormy altar of Qazlal.
  5168 | D:6      | Reached XP level 8. HP: 46/49 MP: 8/8
  5400 | D:7      | Reached skill level 7 in Maces & Flails
  5409 | D:7      | Reached skill level 5 in Armour
  5740 | D:7      | Reached skill level 5 in Shields
  5843 | D:7      | Found a shimmering altar of Xom.
  5844 | D:7      | Found a blossoming altar of Fedhas.
  6290 | D:7      | Reached skill level 8 in Maces & Flails
  6393 | D:7      | Reached XP level 9. HP: 54/55 MP: 9/9
  6610 | D:8      | Reached **** piety under Trog
  6629 | D:8      | Reached skill level 9 in Maces & Flails
  6645 | D:8      | Slain by a crocodile

Skill      XL: |  1  2  3  4  5  6  7  8  9 |
---------------+----------------------------+-----
Fighting       | 4 5 6 |  6.3
Shields        | 1 2 3 4 5 |  5.9
Maces & Flails | 4 5 6 8 9 |  9.2
Armour         | 3 4 5 6 |  6.1
Dodging        | |  1.5

Action                   |  1- 3 |  4- 6 |  7- 9 || total
-------------------------+-------+-------+-------++-------
Melee: Mace              |    59 |   141 |   202 ||   402
Invok: Berserk           |     2 |     2 |     3 ||     7
  Use: Scroll            |       |     2 |     1 ||     3
       Potion            |       |       |     1 ||     1
  Eat: Chunk             |     3 |    10 |    11 ||    24
Armor: Scale mail        |     8 |       |       ||     8
       Animal skin       |     5 |       |       ||     5
       Plate armour      |    18 |   142 |   214 ||   374
Dodge: Dodged            |    17 |    11 |    27 ||    55
Block: Buckler           |     5 |    17 |    44 ||    66
